 Dungeon Crawl Stone Soup version 0.24-a0-335-g06ca16a (webtiles) character file.

Game seed: 4503768492086079917

520 Borgoz the Slasher (level 7, 0/59 HPs)
             Began as a Hill Orc Gladiator on May 19, 2019.
             Was an Initiate of Ashenzari.
             Slain by Duvessa
             ... wielding a +0 short sword of draining
              (9 damage)
             ... on level 4 of the Dungeon.
             The game lasted 00:06:07 (3426 turns).

Borgoz the Slasher (Hill Orc Gladiator)             Turns: 3426, Time: 00:06:08

Health: 0/59       AC:  7    Str: 17    XL:     7   Next: 21%
Magic:  7/7        EV: 10    Int:  8    God:    Ashenzari [......]
Gold:   201        SH:  0    Dex: 14    Spells: 6/6 levels left

rFire    . . .     SeeInvis .   b - +2 dagger (venom)
rCold    . . .     Gourm    .   (no shield)
rNeg     . . .     Faith    .   k - +0 scale mail
rPois    .         Spirit   .   c - +0 helmet
rElec    .         Reflect  .   (no cloak)
rCorr    .         Harm     .   (no gloves)
MR       .....                  (no boots)
Stlth    +.........             (no amulet)
HPRegen  0.19/turn              j - ring of stealth
MPRegen  0.10/turn              (no ring)

@: lethally poisoned (0 -> -2), heavily drained
A: no striking features
a: Curse Item, Renounce Religion


You were on level 4 of the Dungeon.
You worshipped Ashenzari.
Ashenzari was noncommittal.
You were not hungry.

You visited 2 branches of the dungeon, and saw 5 of its levels.

You collected 201 gold pieces.

Inventory:

Hand Weapons
 a - a +0 long sword
 b - a +2 dagger of venom (weapon)
Missiles
 d - 2 throwing nets (quivered)
Armour
 c - a +0 helmet (worn)
 k - a +0 scale mail (worn)
Jewellery
 j - a ring of stealth (left hand)
 l - an uncursed ring of wizardry
Scrolls
 e - a scroll of blinking {unknown}
 g - a scroll of teleportation {unknown}
 i - 4 scrolls of identify {unknown}
 n - a scroll of enchant armour {unknown}
Potions
 h - a potion of haste
 o - a potion of agility {unknown}
Comestibles
 f - 9 rations
 m - a chunk of flesh


   Skills:
 + Level 4.2(2.1) Fighting
 * Level 5.6(3.4) Long Blades
 - Level 1.8(0.0) Throwing
 + Level 3.0(0.9) Armour
 * Level 4.3(2.1) Dodging


You had 6 spell levels left.
You didn't know any spells.
Your spell library was empty.

Dungeon Overview and Level Annotations

Branches:
Dungeon (4/15)             Temple (1/1) D:4

Altars:
Ashenzari
Cheibriados
Dithmenos
Elyvilon
Fedhas
Gozag
Hepliaklqana
Kikubaaqudgha
Makhleb
Nemelex Xobeh
Okawaru
Qazlal
Ru
Sif Muna
Uskayaw
Vehumet
Wu Jian
Xom
Yredelemnul
Zin
The Shining One

Shops:
D:4 ?[(?

Annotations:
D:4 Duvessa


Message History

Duvessa is lightly wounded.
You feel sick. Duvessa misses you.
Your scale mail prevents you from hitting Duvessa.
Duvessa is moderately wounded.
Duvessa hits you with a +0 short sword of draining.
You feel drained. The orc closely misses you.
You are too injured to fight recklessly!
You feel sick. Duvessa closely misses you.
Duvessa hits you with a +0 short sword of draining.
* * * LOW HITPOINT WARNING * * *
You feel drained.
* * * LOW HITPOINT WARNING * * *
You feel sick.
Throwing (i - inventory)
d - 3 throwing nets (quivered)
Press: ? - help, Shift-Dir - straight line, f - Duvessa
Aim: Duvessa, wielding a +0 short sword of draining and wearing a +3 leather armour of cold resistance (severely wounded, berserk, fast, unusually strong, poisoned)
You throw a throwing net. The throwing net barely misses Duvessa.
The throwing net barely misses the orc.
Duvessa closely misses you.
Duvessa hits you with a +0 short sword of draining!
You die...

#.....##...^.....≈≈≈≈≈.##.....#
#.....##....#....≈≈∩......#####
#######........>.≈≈≈≈≈....#....
##....#.#....≈≈≈..........
###...###.#......<..........
#...###...##................
#####.#........#........⌠.⌠.....
##.......##..>..##..))....∩......
..........#.....@eo#.....⌠.⌠.....
..........##...###...............
...........#.###......#.....#....
...........#.#...#######..#######
...............####### #....
............#.÷....... .....
..............##########....
##.....#.....## #############


You could see Duvessa (berserk) and an orc.

Vanquished Creatures
  Sigmund (D:2)
  An ogre (D:4)
  Dowan (D:4)
  A hound (D:4)
  An orc priest (D:3)
  An iguana (D:4)
  An orc wizard (D:3)
  6 adders
  2 worms
  A leopard gecko (D:2)
  An orc (D:3)
  2 ball pythons (D:1)
  5 giant cockroaches
  6 hobgoblins
  4 jackals (D:1)
  2 quokkas
  4 bats (D:1)
  3 frilled lizards
  11 goblins
  6 kobolds
  A quokka skeleton (D:4)
  7 rats
68 creatures vanquished.

Notes
Turn   | Place    | Note
-------+----------+-------------------------------------------
     0 | D:1      | Borgoz the Hill Orc Gladiator began the quest for the Orb.
     0 | D:1      | Reached XP level 1. HP: 18/18 MP: 1/1
   269 | D:1      | Reached XP level 2. HP: 23/25 MP: 2/2
   681 | D:1      | Reached skill level 1 in Armour
   681 | D:1      | Reached XP level 3. HP: 21/30 MP: 3/3
  1208 | D:2      | Reached XP level 4. HP: 38/38 MP: 4/4
  1213 | D:2      | Reached skill level 4 in Long Blades
  1327 | D:2      | Noticed Sigmund
  1339 | D:2      | Killed Sigmund
  1339 | D:2      | Reached XP level 5. HP: 32/45 MP: 5/5
  1365 | D:2      | Reached XP level 6. HP: 23/52 MP: 6/6
  1698 | D:3      | Reached skill level 5 in Long Blades
  2557 | D:4      | Noticed Dowan
  2558 | D:4      | Noticed Duvessa
  2771 | D:4      | Found Xieqesiff's Antique Armour Shoppe.
  2896 | D:4      | Found Kyuh's Weapon Shop.
  2905 | D:4      | Found Tapea's Magic Scroll Shop.
  2996 | D:4      | Found Seaxtiumu's Magic Scroll Shop.
  3012 | D:4      | Reached XP level 7. HP: 40/59 MP: 7/7
  3168 | D:4      | Found a staircase to the Ecumenical Temple.
  3227 | Temple   | Entered the Ecumenical Temple
  3335 | Temple   | Became a worshipper of Ashenzari the Shackled
  3415 | D:4      | Killed Dowan
  3426 | D:4      | Slain by Duvessa

Levels and vault maps discovered:
D:1:      minmay_arrival_three_doors, layout_basic
D:2:      layout_loops_cross, minmay_misc_feat_roman, uniq_sigmund
D:3:      layout_basic
D:4:      layout_rooms, minmay_temple_entry_slanted, serial_shops, shop,
          nicolae_shop_waterfront, shop_fountains, shop, first_ration,
          chequers_mini_garden, lemuel_flame_loot_1, uniq_duvessa
Temple:   compressed_dpeg_triangle_lava_temple

Skill      XL: |  1  2  3  4  5  6  7 |
---------------+----------------------+-----
Armour         | 1 2 3 |  3.0
Fighting       | 3 4 |  4.2
Dodging        | 3 4 |  4.3
Long Blades    | 4 5 |  5.6
Throwing       | |  1.8

Action                   |  1- 3 |  4- 6 |  7- 9 || total
-------------------------+-------+-------+-------++-------
Melee: Long sword        |     9 |       |       ||     9
       Dagger            |    84 |   117 |    21 ||   222
Throw: Throwing net      |       |       |     1 ||     1
  Use: Potion            |       |     2 |       ||     2
  Eat: Chunk             |     1 |     6 |     1 ||     8
Armor: Leather armour    |    33 |    11 |       ||    44
       Scale mail        |       |    20 |     7 ||    27
Dodge: Dodged            |    74 |    83 |     7 ||   164

Table legend:
 A = Non-vault XP
 B = Vault XP
 C = Vault XP percentage of total XP
 D = Non-vault monster count
 E = Vault monster count
 F = Vault count percentage of total count
                 A         B        C        D         E       F
            +---------+---------+-------+---------+---------+-------
      Total |     455 |     289 |  38.8 |      66 |       2 |   2.9
            +---------+---------+-------+---------+---------+-------
        D:1 |      47 |       0 |   0.0 |      30 |       0 |   0.0
        D:2 |      52 |     220 |  80.9 |       9 |       1 |  10.0
        D:3 |     119 |       0 |   0.0 |      19 |       0 |   0.0
        D:4 |     237 |      69 |  22.5 |       8 |       1 |  11.1
            +---------+---------+-------+---------+---------+-------
